 Dungeon Crawl Stone Soup version 0.29-b1-12-g9e2288ab2a (webtiles) character file.

Game seed: 13077864276350853609

32 worthlessgem the Scratcher (level 3, -3/15 HPs)
             Began as a Felid Transmuter on Aug 24, 2022.
             Splashed by a jelly's acid (9 damage)
             ... on level 3 of the Dungeon.
             The game lasted 00:17:50 (4221 turns).

worthlessgem the Scratcher (Felid Transmuter)       Turns: 4221, Time: 00:17:50

Health: -3/15      AC: -3    Str:  6 (8)  XL:     3   Next: 10%
Magic:  6/7        EV: 17    Int: 13 (14) God:
Gold:   124        SH:  0    Dex: 13 (16) Spells: 0/6 levels left
                                        Lives:  0   Deaths: 1

rFire   . . .      SeeInvis +     - Unarmed
rCold   . . .      Faith    .   (shield unavailable)
rNeg    . . .      Spirit   .   (body armour unavailable)
rPois   .          Reflect  .   (helmet unavailable)
rElec   .          Harm     .   (cloak unavailable)
rCorr   .          Rampage  .   (gloves unavailable)
Will    .....      Clarity  +   (boots unavailable)
Stlth   +.........              (no amulet)
HPRegen 0.05/turn               (no ring)
MPRegen 0.10/turn               (no ring)

@: corroded, very slightly contaminated, hasted, very quick
A: very small, claws 1, fangs 3, see invisible, speed 1, shaggy fur 1, stealthy
paws, no weapons or thrown items, no armour, multi-lived, clarity
a: no special abilities


You were on level 3 of the Dungeon.
You visited 1 branch of the dungeon, and saw 4 of its levels.

You collected 124 gold pieces.

Inventory:

Scrolls
 b - a scroll of enchant weapon {unknown}
 c - a scroll of teleportation
 f - 3 scrolls of identify
 h - a scroll of fear {unknown}
 k - a scroll of amnesia {unknown}
Potions
 a - 2 potions of lignification
 e - 4 potions of mutation
 j - a potion of attraction {unknown}
 l - a potion of flight {unknown}
 m - a potion of heal wounds


   Skills:
 - Level 1.0 Fighting
 - Level 2.6 Dodging
 - Level 4.1 Unarmed Combat
 - Level 2.0 Spellcasting
 * Level 3.4 Transmutations
 * Level 0.7 Poison Magic


You couldn't memorise any spells.
You knew the following spells:

 Your Spells              Type           Power      Damage    Failure   Level
a - Beastly Appendage     Tmut           20%        N/A       6%          1
b - Wereblood             Tmut           10%        N/A       10%         2
c - Spider Form           Tmut/Pois      6%         N/A       32%         3

Your spell library contained the following spells:

 Spells                   Type           Power      Damage    Failure   Level
 Ice Form                 Ice/Tmut       5%         N/A       77%         4


Dungeon Overview and Level Annotations

Branches:
Dungeon (4/15)
 Temple: D:4-7

Altars:

Annotations:
D:2 exclusions: adder and plant
D:3 exclusion: adder, Grinder, Sigmund
D:4 Dowan, Duvessa


Innate Abilities, Weirdness & Mutations

You have sharp claws.
You have razor-sharp teeth.
You have supernaturally acute eyesight. (SInv)
You cover ground quickly. (Speed+)
You are covered in fur. (AC +1)
Your paws help you pounce on unaware monsters.
You are incapable of wielding weapons or throwing items.
You cannot wear armour.
You gain extra lives every three experience levels.
You possess an exceptional clarity of mind.


Message History

Your surroundings seem slightly different.
There is a shaft here.
The hound barks!
You see here a +0 ring mail.
There is a stone staircase leading up here.
The bat misses you.
You climb upwards.
Level annotation: exclusions: adder and plant
There is a stone staircase leading down here.
You start resting.
HP restored.
There is an open door here.
There is an open door here.
There is an open door here.
There is an open door here.
There is a stone staircase leading down here.
You climb downwards.
Level annotation: exclusion: adder, Grinder, Sigmund
There is a stone staircase leading up here.
Partly explored, can't reach some places.
(D) Dungeon
Where to? (Enter - D:2 @ (x,y), ? - help)
You see here a +0 war axe.
It was a potion of degeneration.
There was something very wrong with that liquid.
You feel weakened.
You feel dopey.
You feel clumsy.
It was a potion of curing.
You feel better.
It was a potion of haste.
You feel yourself speed up.
Casting: Beastly Appendage (safe; 6% risk of failure)
Confirm with . or Enter, or press ? or * to list all spells.
You miscast Beastly Appendage.
You are very lightly contaminated with residual magic.
Nothing appears to happen.
You claw the jelly! The acid corrodes you!
Your paws burn!
You bite the jelly.
The jelly is heavily wounded.
You scratch the jelly.
Your paws burn!
The jelly is severely wounded.
The jelly hits you.
You are splashed with acid!
Ouch! That really hurt!
You die...

####.#
#.....#
#....#
#....##
#.####
#....#
#.#
#....#
#.#
######
#.# #.#
#J# #@#
#.###
#...#
###.#
####.#
#<.).#
######


You could see a jelly.

Vanquished Creatures
  A worm (D:3)
  3 dart slugs
  9 ball pythons
  9 bats
  7 endoplasms
  4 giant cockroaches
  8 goblins
  6 hobgoblins
  A quokka (D:1)
  2 frilled lizards (D:2)
  3 kobolds
  6 rats
59 creatures vanquished.

Vanquished Creatures (others)
  13 plants
  5 withered plants (D:2)
18 creatures vanquished.

Grand Total: 77 creatures vanquished

Notes
Turn   | Place    | Note
-------+----------+-------------------------------------------
     0 | D:1      | worthlessgem the Felid Transmuter began the quest for the
                  | Orb.
     0 | D:1      | Reached XP level 1. HP: 9/9 MP: 4/4
   121 | D:1      | Reached XP level 2. HP: 12/12 MP: 4/6
   125 | D:1      | Learned a level 2 spell: Wereblood
   488 | D:1      | Gained mutation: You possess an exceptional clarity of
                  | mind. [potion of mutation]
   829 | D:1      | Reached XP level 3. HP: 15/15 MP: 5/7
   833 | D:1      | Learned a level 3 spell: Spider Form
  1247 | D:2      | Reached skill level 4 in Unarmed Combat
  1307 | D:2      | Found a faded altar of an unknown god.
  1977 | D:2      | Identified the +0 robe "Paiti" {rN+ Str+3}
  2175 | D:3      | Noticed Grinder
  3255 | D:3      | Noticed Sigmund
  3715 | D:4      | Noticed Duvessa
  3715 | D:4      | Noticed Dowan
  3728 | D:3      | Reached XP level 4. HP: 19/19 MP: 6/8
  3951 | D:3      | Slain by a jelly
  3952 | D:3      | Reached XP level 3. HP: 0/15 MP: 7/7
  4221 | D:3      | Splashed by a jelly's acid

Illustrated notes

Levels and vault maps discovered:
D:1:      dpeg_arrival_simpleton_a, layout_basic,
          corexii_item_surrounded_by_moat, minmay_pentomino_o2
D:2:      layout_loops_corners, shapermc_ecumenical_altar_flowoftime
D:3:      layout_basic, gammafunk_temple_overflow_statue, uniq_sigmund,
          uniq_grinder
D:4:      layout_cave_pools, nemelex_diamond_rough_becter,
          minmay_temple_entry_oklob, uniq_pikel, uniq_duvessa

Skill      XL: |  1  2  3 |
---------------+----------+-----
Unarmed Combat | 4 |  4.1
Transmutations | 3 |  3.4
Fighting       | |  1.0
Dodging        | |  2.6
Spellcasting   | |  2.0
Poison Magic   | |  0.7

Action                   |  1- 3 |  4- 6 || total
-------------------------+-------+-------++-------
Melee: Unarmed           |   112 |    15 ||   127
       Headbutt          |    13 |       ||    13
       Bite              |     8 |     1 ||     9
       Punch             |     3 |       ||     3
 Cast: Beastly Appendage |    26 |     2 ||    28
       Wereblood         |     2 |       ||     2
       Spider Form       |     1 |     1 ||     2
  Use: Potion            |     5 |     1 ||     6
       Scroll            |     2 |       ||     2
 Stab: Sleeping          |     5 |       ||     5
Armor: Skin              |     6 |     1 ||     7
Dodge: Dodged            |    58 |    10 ||    68
